cohdb
Replays
Latest Replays
All Replays
Popular Replays
Top Player Replays
Match Explorer
How It Works
Community
CoH3 Stats
Reddit
Sign in to upload your games and track your stats! →
Sign in with Steam
Match 42498974
Unlisted
Match 42498974
Overview
Messages
Build Orders
End
Selects Armored Battlegroup
Selects Assault Engineers
Assault Engineer Squad
Construct Barracks
Riflemen Squad
Riflemen Squad
Construct Weapon Support Center
M1919 Machine Gun Team
Mortar Pit
Construct Medical Station
Mechanized Support Center
Selects M31 Recovery Vehicle
Grenade Package
Bazooka Squad
Riflemen Squad
M1919 Machine Gun Team
Construct Tank Depot
Selects War Machine
M4A1 Sherman Medium Tank
Mortar Pit
Riflemen Squad
Bazooka Squad
Mortar Pit
Mortar Pit
Selects Strength in Steel
Selects Seek and Destroy
M4A1 Sherman Medium Tank
M18 Hellcat Tank Destroyer
Bazooka Squad
M31 Recovery Vehicle
Assault Engineer Squad
Selects UNKNOWN (2160077)
M18 Hellcat Tank Destroyer
风逝无痕
Grindborg
LowPrioWarrior
Satou the Deus Musco
iceman
Jo
Chaton d'Amour
艾諾維特
0
0
Comments
sign in to comment!
No comments posted yet!